 Dungeon Crawl Stone Soup version 0.20-a0-16-g0876c8e (webtiles) character file.

781 JeffiDaFish the Cudgeler (level 7, -2/44 HPs)
             Began as a Gargoyle Fighter on Nov 4, 2016.
             Slain by an ogre
             ... wielding a +0 giant spiked club
              (19 damage)
             ... on level 5 of the Dungeon.
             The game lasted 00:11:08 (4080 turns).

JeffiDaFish the Cudgeler (Gargoyle Fighter)         Turns: 4080, Time: 00:11:09

Health: -2/44      AC: 16    Str: 21    XL:     7   Next: 85%
Magic:  7/7        EV:  5    Int:  9    God:
Gold:   292        SH: 12    Dex: 14    Spells: 0 memorised, 6 levels left

rFire  . . .     SeeInvis .     h - +4 whip (vamp)
rCold  . . .     Gourm    .     o - +0 plate armour
rNeg   + . .     Faith    .     c - +2 shield
rPois  ∞         Spirit   .     (no helmet)
rElec  +         Reflect  .     (no cloak)
rCorr  .         Harm     .     (no gloves)
MR     .....                    (no boots)
Stlth  ..........               j - amulet of regeneration
                                (no ring)
                                i - +5 ring of dexterity

@: no status effects
A: negative energy resistance 1, electricity resistance, unbreathing,
petrification resistance, rot immunity, AC +4
a: no special abilities


You were on level 5 of the Dungeon.
You were not hungry.

You visited 1 branch of the dungeon, and saw 5 of its levels.

You collected 292 gold pieces.

Inventory:

Hand Weapons
 a - a +0 flail
 h - a +4 vampiric whip (weapon)
Armour
 c - a +2 shield (worn)
 o - a +0 plate armour (worn)
Jewellery
 i - a +5 ring of dexterity (left hand)
 j - an amulet of regeneration (around neck)
 p - an uncursed amulet of guardian spirit
 r - an uncursed ring of magical power
Wands
 q - a wand of slowing (27/48)
Scrolls
 b - a scroll of remove curse
 e - 4 scrolls of identify
 g - a scroll of teleportation
Potions
 d - 3 potions of might
 n - a potion of cure mutation
Comestibles
 f - 4 bread rations
 k - 2 chunks of flesh
 l - 3 meat rations
 m - a beef jerky


   Skills:
 * Level 5.1 Fighting
 + Level 5.7 Maces & Flails
 + Level 4.7 Armour
 + Level 1.2 Dodging
 + Level 0.2 Stealth
 + Level 5.3 Shields


You had 6 spell levels left.
You didn't know any spells.

Dungeon Overview and Level Annotations

Branches:
Dungeon (5/15)
 Temple: D:4-7

Altars:
Cheibriados
Fedhas
Hepliaklqana
Nemelex Xobeh
Qazlal
Uskayaw
Xom


Innate Abilities, Weirdness & Mutations

You are resistant to torment.
Your stone body is resilient. (AC +4)
You are immune to poison.
You resist negative energy. (rN+)
You are resistant to electric shocks. (rElec)
You can survive without breathing.
You are immune to petrification.
You are immune to rotting.


Message History

An ogre comes into view. It is wielding a giant spiked club.
You see here 10 gold pieces.
The ogre completely misses you.
You hit the ogre.
The ogre is lightly wounded.
You block the ogre's attack.
Your plate armour prevents you from hitting the ogre.
The ogre is lightly wounded.
Your shield and plate armour prevent you from hitting the ogre.
The ogre is lightly wounded.
The ogre hits you with a giant spiked club!
You hit the ogre.
The ogre is lightly wounded.
You hit the ogre.
The ogre is moderately wounded.
The ogre hits you with a giant spiked club!
Your plate armour prevents you from hitting the ogre.
The ogre is moderately wounded.
The ogre hits you with a giant spiked club!!
You die...

#.. #..# #..#
##..#
###..####
#.......#
##.......#
##.$.@O...#
##..##.....#
##..#####...#
##..## ####
##..## #####
## ###..##
##...### .##
##...##
#......##
..###...##
#.......#
.......##
#.......##


You could see an ogre.

Vanquished Creatures
  An ogre (D:4)
  3 big kobolds (D:4)
  A crimson imp (D:4)
  An orc wizard (D:4)
  An iguana (D:5)
  2 worker ants
  A hound zombie (D:5)
  11 gnolls (D:4)
  5 adders
  2 oozes
  An adder skeleton (D:4)
  2 worms
  A dart slug (D:4)
  4 leopard geckos
  14 orcs
  3 giant cockroaches
  32 goblins
  29 hobgoblins
  5 jackals (D:4)
  15 kobolds
  A quokka (D:3)
  A ball python (D:2)
  7 bats
  8 frilled lizards
  9 rats
  A bush (D:4)
161 creatures vanquished.

Notes
Turn   | Place    | Note
-------+----------+-------------------------------------------
     0 | D:1      | JeffiDaFish the Gargoyle Fighter began the quest for the Orb.
     0 | D:1      | Reached XP level 1. HP: 14/14 MP: 1/1
   214 | D:1      | Reached XP level 2. HP: 19/19 MP: 2/2
   771 | D:2      | Reached XP level 3. HP: 24/24 MP: 3/3
   782 | D:2      | Found a hide-covered altar of Uskayaw.
   785 | D:2      | Noticed a hand axe
   785 | D:2      | Noticed a hand axe
   929 | D:2      | Found a stormy altar of Qazlal.
  1086 | D:2      | Found a snail-covered altar of Cheibriados.
  1279 | D:2      | Reached XP level 4. HP: 29/29 MP: 4/4
  1392 | D:3      | Found a blossoming altar of Fedhas.
  1849 | D:3      | Found a hazy altar of Hepliaklqana.
  2120 | D:3      | Found a sparkling altar of Nemelex Xobeh.
  2259 | D:4      | Reached XP level 5. HP: 33/33 MP: 5/5
  2365 | D:4      | Found a shimmering altar of Xom.
  2411 | D:4      | Noticed an ogre
  2420 | D:4      | Killed an ogre
  2420 | D:4      | Reached skill level 1 in Dodging
  2420 | D:4      | Reached XP level 6. HP: 16/38 MP: 6/6
  2427 | D:4      | Identified the cursed +0 ring mail of Keenon {rElec rPois Dex-4} (You found it on level 4 of the Dungeon)
  3075 | D:4      | Reached XP level 7. HP: 44/44 MP: 7/7
  3475 | D:4      | Reached skill level 5 in Maces & Flails
  3489 | D:4      | Reached skill level 5 in Fighting
  3701 | D:4      | Reached skill level 5 in Shields
  3946 | D:5      | Entered Level 5 of the Dungeon
  4080 | D:5      | Slain by an ogre

Vault maps used:
D:1:      minmay_arrival_four_circles
D:2:      dancing_weapons_uskayaw, nicolae_qazlal_eye_of_the_storm,
          nicolae_overflow_hidden_temple, first_bread, small_statue_intersection
D:3:      marbit_many_paths, old_standard_altar, nemelex_dance_club_becter
D:4:      minmay_goblin_kobold_castle, old_standard_altar,
          lexackson_kobold_supper

Skill      XL: |  1  2  3  4  5  6  7 |
---------------+----------------------+-----
Armour         | 4 |  4.7
Shields        | 4 5 |  5.3
Maces & Flails | 3 4 5 |  5.7
Fighting       | 4 5 |  5.1
Dodging        | 1 |  1.2
Stealth        | |  0.2

Action                   |  1- 3 |  4- 6 |  7- 9 || total
-------------------------+-------+-------+-------++-------
Melee: Flail             |   120 |    10 |       ||   130
       Whip              |       |   277 |   226 ||   503
  Use: Scroll            |     9 |     3 |     2 ||    14
       Potion            |     4 |     3 |     1 ||     8
  Eat: Chunk             |     1 |     6 |     4 ||    11
       Bread ration      |       |     1 |       ||     1
Armor: Scale mail        |    80 |    61 |       ||   141
       Plate armour      |       |    37 |    99 ||   136
Dodge: Dodged            |    33 |    54 |    30 ||   117
Block: Shield            |    65 |   127 |   121 ||   313
